[Event "RUS-chT Men Rapid 2019"]
[Site "Sochi"]
[Date "2019.10.19"]
[Round "7.11"]
[White "Samusenko, Maksim"]
[Black "Pogromsky, Mikhail"]
[Result "1/2-1/2"]
[ECO "A45"]
[WhiteElo "2445"]
[BlackElo "2411"]
[Annotator "NA"]
[PlyCount "49"]
[EventDate "2019.10.18"]
[EventType "swiss"]
[EventCountry "RUS"]
[SourceTitle "playchess.com"]
[Source "ChessBase"]
[SourceQuality "1"]
[TimeControl "900+10"]

1. d4 Nf6 2. Bf4 e6 3. e3 b6 4. Nf3 Bb7 5. Nbd2 Bd6 6. Bg5 Be7 7. Bd3 c5 8. c3 d6 9. O-O Nbd7 10. Qe2 O-O 11. h3 Nd5 12. Bxe7 Qxe7 13. a3 cxd4 14. cxd4 Rfc8 15. Rfc1 Qd8 16. Qd1 Rxc1 17. Rxc1 Rc8 18. Rxc8 Qxc8 19. Ng5 N5f6 20. Nge4 Qc6 21. Nxf6+ Nxf6 22. e4 h6 23. Kh2 Qc7 24. Qe1 Qc6 25. Qd1 1/2-1/2

[Event "RUS-chT Men Rapid 2019"]
[Site "Sochi"]
[Date "2019.10.19"]
[Round "7.12"]
[White "Ozgibcev, Anatoly"]
[Black "Ibragimov, Ildar"]
[Result "1/2-1/2"]
[ECO "C01"]
[WhiteElo "2367"]
[BlackElo "2538"]
[Annotator "ChessBase"]
[PlyCount "33"]
[EventDate "2019.10.18"]
[EventType "swiss"]
[EventCountry "RUS"]
[SourceTitle "playchess.com"]
[Source "ChessBase"]
[SourceQuality "1"]
[TimeControl "900+10"]

1. e4 e6 2. d4 d5 3. exd5 exd5 4. Nf3 Nc6 5. Bb5 Bd6 6. c4 dxc4 7. d5 a6 8. Ba4 b5 9. dxc6 bxa4 10. Qxa4 Bg4 11. Nbd2 Qe7+ 12. Kd1 Qd8 13. Qxc4 Nf6 14. Re1+ Kf8 15. Ke2 Be6 16. Qc2 Bd5 17. Kf1 1/2-1/2

[Event "RUS-chT Men Rapid 2019"]
[Site "Sochi"]
[Date "2019.10.19"]
[Round "7.13"]
[White "Yatzenko, Anton"]
[Black "Drygalov, Andrey"]
[Result "1/2-1/2"]
[ECO "A48"]
[WhiteElo "2383"]
[BlackElo "2484"]
[Annotator "ChessBase"]
[PlyCount "134"]
[EventDate "2019.10.18"]
[EventType "swiss"]
[EventCountry "RUS"]
[SourceTitle "playchess.com"]
[Source "ChessBase"]
[SourceQuality "1"]
[TimeControl "900+10"]

1. d4 Nf6 2. Nf3 g6 3. Bg5 Bg7 4. Nbd2 d6 5. c3 O-O 6. e4 c5 7. dxc5 dxc5 8. Be2 Nc6 9. O-O h6 10. Bh4 Nh5 11. Qc2 g5 12. Bg3 Nxg3 13. hxg3 Qc7 14. Rfe1 Be6 15. Nc4 Rad8 16. Rad1 Na5 17. Nxa5 Qxa5 18. a3 Qb6 19. Nd2 Qc7 20. Nc4 Rxd1 21. Rxd1 Rd8 22. Rxd8+ Qxd8 23. Ne3 Bc8 24. Nf5 Bf8 25. Bc4 e6 26. Ne3 Bg7 27. Qe2 a6 28. Ng4 b5 29. Ba2 h5 30. Ne3 g4 31. Bb1 c4 32. Bc2 Bb7 33. Kh2 Qd6 34. a4 Bc6 35. axb5 axb5 36. f3 Bh6 37. f4 f6 38. b3 cxb3 39. Bxb3 Kh8 40. c4 b4 41. c5 Qxc5 42. Bxe6 Bf8 43. Nxg4 Bb5 44. Qf3 Qe7 45. Ne3 Qxe6 46. Qxh5+ Kg8 47. Qxb5 Qxe4 48. Nd5 Qh7+ 49. Kg1 Qb1+ 50. Kh2 Qh7+ 51. Kg1 Qb1+ 52. Kh2 Qh7+ 53. Kg1 Qg6 54. f5 Qxg3 55. Nxf6+ Kh8 56. Ne8 Qe1+ 57. Kh2 Qh4+ 58. Kg1 Qe1+ 59. Kh2 Qh4+ 60. Kg1 Qd4+ 61. Kh2 b3 62. Qxb3 Qe5+ 63. Qg3 Qxe8 64. Qh4+ Kg8 65. Qg5+ Kh8 66. Qh4+ Kg8 67. Qg5+ Kh8 1/2-1/2

[Event "RUS-chT Men Rapid 2019"]
[Site "Sochi"]
[Date "2019.10.19"]
[Round "7.14"]
[White "Lugovskoy, Maxim"]
[Black "Goltsev, Dmitry"]
[Result "1-0"]
[ECO "B40"]
[WhiteElo "2436"]
[BlackElo "2309"]
[Annotator "NA"]
[PlyCount "95"]
[EventDate "2019.10.18"]
[EventType "swiss"]
[EventCountry "RUS"]
[SourceTitle "playchess.com"]
[Source "ChessBase"]
[SourceQuality "1"]
[TimeControl "900+10"]

1. e4 c5 2. Nf3 e6 3. c3 Nc6 4. d4 cxd4 5. cxd4 d5 6. exd5 exd5 7. Nc3 Nf6 8. Bg5 Bb4 9. Be2 h6 10. Bh4 O-O 11. O-O Be6 12. Ne5 Be7 13. f4 Qb6 14. f5 Bxf5 15. Nxc6 bxc6 16. Rxf5 Qxb2 17. Qc1 Ba3 18. Qe1 Bb4 19. Rb1 Qxc3 20. Rxb4 Ne4 21. Qxc3 Nxc3 22. Bf1 Rfb8 23. a3 Rxb4 24. axb4 Rb8 25. Re5 Rxb4 26. Re8+ Kh7 27. Bd3+ Ne4 28. Bxe4+ dxe4 29. Rxe4 c5 30. Be7 Rb1+ 31. Kf2 Rb2+ 32. Re2 Rxe2+ 33. Kxe2 cxd4 34. Bd8 Kg6 35. Kd3 Kf5 36. Kxd4 g5 37. Bc7 Ke6 38. Ke4 f5+ 39. Kd4 f4 40. Ke4 Kf6 41. Be5+ Ke6 42. Bg7 h5 43. Bc3 a6 44. h4 gxh4 45. Kxf4 Kd5 46. Kg5 Ke4 47. Kxh4 Kf4 48. Bd2+ 1-0

[Event "RUS-chT Men Rapid 2019"]
[Site "Sochi"]
[Date "2019.10.19"]
[Round "7.15"]
[White "Kulik, Artur"]
[Black "Vastrukhin, Oleg"]
[Result "0-1"]
[ECO "A40"]
[WhiteElo "2014"]
[BlackElo "2428"]
[Annotator "NA RC"]
[PlyCount "94"]
[EventDate "2019.10.18"]
[EventType "swiss"]
[EventCountry "RUS"]
[SourceTitle "playchess.com"]
[Source "ChessBase"]
[SourceQuality "1"]
[TimeControl "900+10"]

1. d4 g6 2. c4 Bg7 3. Nf3 d6 4. Nc3 e5 5. dxe5 dxe5 6. Qxd8+ Kxd8 7. e4 c6 8. Be3 f6 9. O-O-O+ Kc7 10. Bc5 Be6 11. Bd6+ Kc8 12. c5 Nh6 13. h3 Nf7 14. Bxb8 Rxb8 15. Nd2 Bh6 16. Kc2 Kc7 17. Bc4 Nd8 18. b4 Bxd2 19. Bxe6 Nxe6 20. Kxd2 Rhd8+ 21. Ke3 Rd4 22. a3 Rbd8 23. g3 a5 24. bxa5 Nxc5 25. Rc1 Rc4 26. Ke2 Nb3 27. Rb1 Rxc3 28. a4 Rd2+ 29. Kf1 Nxa5 30. Kg2 Nc4 31. Rh2 Rcc2 32. Kg1 Re2 33. Kf1 Rxe4 34. Ra1 Nd2+ 35. Kg2 Re2 36. h4 h5 37. Ra3 f5 38. Rh1 Ne4 39. Rf1 Rxf2+ 40. Rxf2 Rxf2+ 41. Kg1 Rd2 42. Re3 c5 43. g4 hxg4 44. h5 gxh5 45. a5 c4 46. a6 bxa6 47. Kf1 c3 0-1

[Event "RUS-chT Men Rapid 2019"]
[Site "Sochi"]
[Date "2019.10.19"]
[Round "7.16"]
[White "Utnasunov, Alexander"]
[Black "Kolchin, Maxim"]
[Result "1-0"]
[ECO "A57"]
[WhiteElo "2442"]
[BlackElo "2077"]
[Annotator "NA"]
[PlyCount "98"]
[EventDate "2019.10.18"]
[EventType "swiss"]
[EventCountry "RUS"]
[SourceTitle "playchess.com"]
[Source "ChessBase"]
[SourceQuality "1"]
[TimeControl "900+10"]

1. d4 Nf6 2. c4 c5 3. d5 b5 4. Nf3 g6 5. cxb5 a6 6. b6 d6 7. Nc3 Bg7 8. a4 Qxb6 9. a5 Qc7 10. Nd2 Bb7 11. e4 Nbd7 12. Nc4 O-O 13. Be2 Ne8 14. Bf4 f5 15. Qd2 fxe4 16. Nxe4 Ndf6 17. Nc3 Ra7 18. O-O Qd7 19. Ne3 h6 20. Bg3 Nc7 21. Qc2 Kh7 22. h4 Nfxd5 23. h5 Qe6 24. hxg6+ Kh8 25. Nexd5 Nxd5 26. Bc4 Nb4 27. Bxe6 Nxc2 28. Rad1 Nd4 29. Bf7 Nf5 30. Bf4 Bd4 31. Rfe1 e5 32. Bc1 Kg7 33. Ne4 d5 34. Rxd4 cxd4 35. Nc5 Bc8 36. Rxe5 Rc7 37. b4 Nd6 38. Bxd5 Kxg6 39. Bf3 Nc4 40. Rd5 Bb7 41. Bh5+ Kh7 42. Rxd4 Nxa5 43. Bf4 Rg7 44. bxa5 Rxg2+ 45. Kf1 Ba8 46. Rd7+ Kg8 47. Be3 Rh2 48. Bg4 Rh1+ 49. Ke2 Re8 1-0

[Event "RUS-chT Men Rapid 2019"]
[Site "Sochi"]
[Date "2019.10.19"]
[Round "7.17"]
[White "Nozdrachev, Vladislav"]
[Black "Zakhartsov, Vladimir"]
[Result "1-0"]
[ECO "B90"]
[WhiteElo "2494"]
[BlackElo "2514"]
[Annotator "ChessBase"]
[PlyCount "77"]
[EventDate "2019.10.18"]
[EventType "swiss"]
[EventCountry "RUS"]
[SourceTitle "playchess.com"]
[Source "ChessBase"]
[SourceQuality "1"]
[TimeControl "900+10"]

1. e4 c5 2. Nf3 d6 3. d4 Nf6 4. Nc3 cxd4 5. Nxd4 a6 6. h3 e5 7. Nde2 h5 8. g3 Be7 9. Bg2 Nbd7 10. a4 b6 11. O-O Bb7 12. Nd5 Nxd5 13. exd5 h4 14. g4 Bg5 15. c4 a5 16. Nc3 Bxc1 17. Qxc1 O-O 18. f4 Rc8 19. Nb5 Nc5 20. fxe5 Nd3 21. Qd2 Nxe5 22. b3 Rc5 23. Nd4 Bc8 24. Rae1 Bd7 25. Be4 Rc7 26. Bf5 Be8 27. Qf4 g6 28. Qh6 Qf6 29. Ne6 Nd7 30. Nxf8 gxf5 31. Qxf6 Nxf6 32. g5 Ne4 33. Rxf5 Bxa4 34. Rxe4 Bxb3 35. Re8 Kg7 36. g6 Bxc4 37. Rh5 Bd3 38. Ne6+ Kxg6 39. Nf4+ 1-0

[Event "RUS-chT Men Rapid 2019"]
[Site "Sochi"]
[Date "2019.10.19"]
[Round "7.18"]
[White "Bryakin, Mikhail"]
[Black "Vakhlamov, Igor L."]
[Result "1/2-1/2"]
[ECO "E01"]
[WhiteElo "2440"]
[BlackElo "2413"]
[Annotator "NA"]
[PlyCount "25"]
[EventDate "2019.10.18"]
[EventType "swiss"]
[EventCountry "RUS"]
[SourceTitle "playchess.com"]
[Source "ChessBase"]
[SourceQuality "1"]
[TimeControl "900+10"]

1. d4 Nf6 2. c4 e6 3. g3 d5 4. Bg2 Bb4+ 5. Bd2 Be7 6. Qc2 O-O 7. Nf3 Nbd7 8. a4 a5 9. Na3 Ne4 10. O-O c6 11. Bf4 f5 12. Qc1 g5 13. Be3 1/2-1/2

[Event "RUS-chT Men Rapid 2019"]
[Site "Sochi"]
[Date "2019.10.19"]
[Round "7.20"]
[White "Apryshko, Gleb"]
[Black "Frolov, Aleksey G."]
[Result "1-0"]
[ECO "A00"]
[WhiteElo "2382"]
[BlackElo "2093"]
[Annotator "NA"]
[PlyCount "135"]
[EventDate "2019.10.18"]
[EventType "swiss"]
[EventCountry "RUS"]
[SourceTitle "playchess.com"]
[Source "ChessBase"]
[SourceQuality "1"]
[TimeControl "900+10"]

1. g3 Nf6 2. Bg2 g6 3. c4 d5 4. cxd5 Nxd5 5. Qb3 Nb6 6. Qc3 f6 7. h4 e5 8. h5 g5 9. d3 a5 10. Nd2 Be6 11. Bxb7 Nd5 12. Qc2 Ra7 13. Bxd5 Qxd5 14. e4 Qd7 15. Ne2 Na6 16. a3 Nc5 17. O-O Qxd3 18. Qxd3 Nxd3 19. Nc3 Bh3 20. Rd1 Bc5 21. Nb3 Bxf2+ 22. Kh2 Nxc1 23. Raxc1 Be6 24. Rf1 Be3 25. Rce1 Bb6 26. Nd5 Bxd5 27. exd5 Ke7 28. Nd2 Raa8 29. Ne4 Rhf8 30. g4 Bd4 31. Rc1 Ra7 32. Rc6 Rb7 33. Re6+ Kd7 34. Rfxf6 Rxb2+ 35. Kh1 Rb1+ 36. Kg2 Rb2+ 37. Kf1 Rxf6+ 38. Nxf6+ Kc8 39. Nxh7 Rf2+ 40. Ke1 Rg2 41. h6 Rxg4 42. Nf6 Rh4 43. h7 e4 44. Re8+ Kb7 45. h8=Q Rxh8 46. Rxh8 Bxf6 47. Rh6 Be7 48. a4 Bd6 49. Ke2 g4 50. Rh4 g3 51. Rxe4 Kb6 52. Rc4 Kb7 53. Rc6 Bb4 54. Kf3 Be1 55. Rg6 Bf2 56. Ke4 Be1 57. Kd3 Kc8 58. Rg7 Kd8 59. Kc4 Bf2 60. Kb5 Bb6 61. Kc6 Bf2 62. Rg8+ Ke7 63. Kxc7 Bc5 64. Rg7+ Kf6 65. Rxg3 Ke5 66. Kc6 Bb4 67. Rd3 Ke4 68. Rd1 {[%emt 0:00:01] Kxd5+} 1-0

[Event "RUS-chT Men Rapid 2019"]
[Site "Sochi"]
[Date "2019.10.19"]
[Round "7.21"]
[White "Shcherbin, Matvei"]
[Black "Tsydypov, Zhamsaran"]
[Result "0-1"]
[ECO "B22"]
[WhiteElo "2366"]
[BlackElo "2553"]
[Annotator "RC"]
[PlyCount "90"]
[EventDate "2019.10.18"]
[EventType "swiss"]
[EventCountry "RUS"]
[SourceTitle "playchess.com"]
[Source "ChessBase"]
[SourceQuality "1"]
[TimeControl "900+10"]

1. e4 c5 2. c3 Nf6 3. e5 Nd5 4. d4 cxd4 5. Nf3 e6 6. cxd4 b6 7. Nc3 Bb7 8. Bd3 Nxc3 9. bxc3 Be7 10. O-O O-O 11. Bf4 d6 12. exd6 Bxd6 13. Bxh7+ Kxh7 14. Ng5+ Kg6 15. Qg4 f5 16. Qe2 Bxf4 17. Nxe6 Qd6 18. g3 Bh6 19. Nxf8+ Qxf8 20. Qe6+ Qf6 21. Qb3 Nc6 22. Rae1 Na5 23. Qd1 Ba6 24. d5 Bxf1 25. Re6 Bc4 26. Rxf6+ gxf6 27. g4 Rd8 28. gxf5+ Kh7 29. d6 Nc6 30. f4 Bf7 31. Kf2 Bf8 32. d7 Nb8 33. Qg4 Nxd7 34. Qd1 Bc5+ 35. Kf1 Bc4+ 36. Kg2 Rg8+ 37. Kh3 Rg7 38. Qh5+ Kg8 39. Qf3 Bxa2 40. Qa8+ Nf8 41. Qc6 Bc4 42. Qxf6 Bf1+ 43. Kh4 Bf2+ 44. Kh5 Rh7+ 45. Kg4 Be2+ 0-1

[Event "RUS-chT Men Rapid 2019"]
[Site "Sochi"]
[Date "2019.10.19"]
[Round "7.23"]
[White "Keosidi, Konstantin"]
[Black "Moiseenko, Vadim"]
[Result "0-1"]
[ECO "C47"]
[WhiteElo "2400"]
[BlackElo "2532"]
[Annotator "ChessBase"]
[PlyCount "88"]
[EventDate "2019.10.18"]
[EventType "swiss"]
[EventCountry "RUS"]
[SourceTitle "playchess.com"]
[Source "ChessBase"]
[SourceQuality "1"]
[TimeControl "900+10"]

1. e4 e5 2. Nf3 Nc6 3. Nc3 Nf6 4. d4 exd4 5. Nxd4 Bc5 6. Be3 Bb6 7. Qd2 Ng4 8. Nf5 Nxe3 9. Nxe3 O-O 10. O-O-O d6 11. Kb1 Be6 12. f4 f6 13. Bc4 Qd7 14. Rhe1 Rae8 15. Ned5 Ba5 16. a3 Kh8 17. h3 Ne7 18. b4 Bb6 19. Re2 Nxd5 20. Nxd5 Rd8 21. g4 Rfe8 22. Qc3 c6 23. Nxb6 axb6 24. Red2 Qe7 25. Bf1 Bg8 26. Bg2 Rd7 27. h4 Ra8 28. g5 fxg5 29. fxg5 Rdd8 30. e5 d5 31. Qe3 Re8 32. Re1 c5 33. bxc5 bxc5 34. Bxd5 c4 35. Kb2 Rec8 36. Qc3 Rxa3 37. Qxa3 c3+ 38. Qxc3 Rxc3 39. Kxc3 Qc5+ 40. Kd3 Qxd5+ 41. Ke2 Qxe5+ 42. Kd1 Qa1+ 43. Ke2 Qa4 44. Rd8 Qxh4 0-1

[Event "RUS-chT Men Rapid 2019"]
[Site "Sochi"]
[Date "2019.10.19"]
[Round "7.24"]
[White "Rozum, Ivan"]
[Black "Dianov, Alexey"]
[Result "1-0"]
[ECO "A28"]
[WhiteElo "2599"]
[BlackElo "2158"]
[Annotator "ChessBase"]
[PlyCount "85"]
[EventDate "2019.10.18"]
[EventType "swiss"]
[EventCountry "RUS"]
[SourceTitle "playchess.com"]
[Source "ChessBase"]
[SourceQuality "1"]
[TimeControl "900+10"]

1. c4 e5 2. Nc3 Nc6 3. Nf3 Nf6 4. e3 g6 5. d4 d6 6. g3 Bg7 7. Bg2 O-O 8. O-O Bf5 9. d5 Nb4 10. Ne1 a5 11. e4 Bd7 12. a3 Na6 13. Rb1 Nc5 14. b4 axb4 15. axb4 Na4 16. Nxa4 Rxa4 17. Nc2 Qa8 18. Bb2 Qa6 19. Qd3 Ra8 20. Ra1 Qb6 21. h3 Nh5 22. Rxa4 Rxa4 23. Ra1 Qa7 24. Ra3 f5 25. Qb3 Nf6 26. exf5 gxf5 27. c5 Rxa3 28. Nxa3 Qa4 29. Qxa4 Bxa4 30. Nc4 Bb3 31. Ne3 f4 32. gxf4 exf4 33. Nf5 Bh8 34. c6 bxc6 35. dxc6 Be6 36. Nd4 Ne8 37. Nxe6 Bxb2 38. b5 Kf7 39. Nxc7 Bd4 40. Na8 Ke7 41. c7 Kd7 42. Bc6+ Kc8 43. Bxe8 1-0

[Event "RUS-chT Men Rapid 2019"]
[Site "Sochi"]
[Date "2019.10.19"]
[Round "7.27"]
[White "Linker, Mikhail"]
[Black "Pingin, Artem"]
[Result "1-0"]
[ECO "D02"]
[WhiteElo "2269"]
[BlackElo "2048"]
[Annotator "NA"]
[PlyCount "91"]
[EventDate "2019.10.18"]
[EventType "swiss"]
[EventCountry "RUS"]
[SourceTitle "playchess.com"]
[Source "ChessBase"]
[SourceQuality "1"]
[TimeControl "900+10"]

1. Nf3 d5 2. d4 Nf6 3. Bf4 c5 4. c3 Nc6 5. e3 Qb6 6. Qb3 c4 7. Qxb6 axb6 8. Nbd2 b5 9. Be2 Bf5 10. O-O h6 11. Ne5 e6 12. g4 Bh7 13. a3 Nxe5 14. Bxe5 Nd7 15. Bg3 Nb6 16. Bf3 Be7 17. e4 Bg5 18. Rad1 Bxd2 19. Rxd2 dxe4 20. Bg2 O-O 21. Re1 f5 22. Bd6 Rfe8 23. f3 exf3 24. Bxf3 Nd5 25. Rxe6 Rxe6 26. Bxd5 Rae8 27. Rf2 Kh8 28. Bxe6 Rxe6 29. Be5 fxg4 30. Rf7 Rg6 31. Rxb7 Bg8 32. Rxb5 Kh7 33. Rb7 Bd5 34. Rd7 Bc6 35. Rc7 Bd5 36. Rc5 Bf7 37. d5 Rb6 38. Rc7 Kg6 39. d6 Rxb2 40. d7 Rb1+ 41. Kf2 Rb2+ 42. Ke3 Rb8 43. Rc6+ Kf5 44. Bxb8 Bd5 45. Rd6 Be6 46. d8=Q 1-0

[Event "RUS-chT Men Rapid 2019"]
[Site "Sochi"]
[Date "2019.10.19"]
[Round "7.28"]
[White "Garifullina, Leya"]
[Black "Pervakov, Sergey"]
[Result "1-0"]
[ECO "B03"]
[WhiteElo "2330"]
[BlackElo "2093"]
[Annotator "NA"]
[PlyCount "93"]
[EventDate "2019.10.18"]
[EventType "swiss"]
[EventCountry "RUS"]
[SourceTitle "playchess.com"]
[Source "ChessBase"]
[SourceQuality "1"]
[TimeControl "900+10"]

1. e4 Nf6 2. e5 Nd5 3. d4 Nb6 4. c4 d6 5. exd6 cxd6 6. Nc3 g6 7. Be3 Bg7 8. Rc1 O-O 9. b3 e5 10. dxe5 dxe5 11. c5 N6d7 12. Bc4 Nc6 13. Nf3 Nf6 14. Qxd8 Rxd8 15. O-O h6 16. h3 Bf5 17. Rfd1 e4 18. Nd4 Nxd4 19. Bxd4 h5 20. Nb5 Ne8 21. Bxg7 Kxg7 22. Nd4 Nc7 23. Nxf5+ gxf5 24. Rd6 Rxd6 25. cxd6 Ne6 26. Bxe6 fxe6 27. Rc7+ Kf6 28. Rxb7 a5 29. d7 Ke7 30. Kf1 a4 31. b4 Kd6 32. Ke2 a3 33. Ra7 Rg8 34. g3 e5 35. b5 Rd8 36. b6 Rxd7 37. Rxa3 Kc6 38. Rb3 Rb7 39. Ke3 Rxb6 40. Rxb6+ Kxb6 41. g4 fxg4 42. h4 Kc5 43. Kxe4 Kc4 44. Kxe5 Kd3 45. Kf4 Ke2 46. Kg3 Kd3 47. f3 1-0

[Event "RUS-chT Men Rapid 2019"]
[Site "Sochi"]
[Date "2019.10.19"]
[Round "8.2"]
[White "Triapishko, Alexandr"]
[Black "Potkin, Vladimir"]
[Result "1/2-1/2"]
[ECO "D78"]
[WhiteElo "2514"]
[BlackElo "2583"]
[Annotator "ChessBase"]
[PlyCount "74"]
[EventDate "2019.10.18"]
[EventType "swiss"]
[EventCountry "RUS"]
[SourceTitle "playchess.com"]
[Source "ChessBase"]
[SourceQuality "1"]
[TimeControl "900+10"]

1. Nf3 d5 2. g3 g6 3. Bg2 Bg7 4. d4 Nf6 5. O-O O-O 6. c4 c6 7. a4 Bf5 8. Ne5 Nbd7 9. cxd5 cxd5 10. Nc3 a5 11. Bf4 e6 12. Nb5 Nxe5 13. Bxe5 Ne8 14. Rc1 g5 15. Bxg7 Kxg7 16. Qd2 h6 17. Qe3 Ra6 18. Rc5 Nd6 19. Rfc1 Nxb5 20. Rxb5 Qd6 21. Rxb7 Rb8 22. Rb5 Rab6 23. Rcc5 f6 24. Qc3 Bg6 25. Qxa5 Be8 26. Rxb6 Qxb6 27. Qxb6 Rxb6 28. a5 Rxb2 29. Bf3 f5 30. h3 Ra2 31. Kg2 Kf6 32. e3 h5 33. g4 fxg4 34. hxg4 h4 35. e4 dxe4 36. Bxe4 Ra4 37. Bc6 Bxc6+ 1/2-1/2

[Event "RUS-chT Men Rapid 2019"]
[Site "Sochi"]
[Date "2019.10.19"]
[Round "8.3"]
[White "Savchenko, Boris"]
[Black "Moiseenko, Vadim"]
[Result "1-0"]
[ECO "C78"]
[WhiteElo "2581"]
[BlackElo "2532"]
[Annotator "ChessBase"]
[PlyCount "73"]
[EventDate "2019.10.18"]
[EventType "swiss"]
[EventCountry "RUS"]
[SourceTitle "playchess.com"]
[Source "ChessBase"]
[SourceQuality "1"]
[TimeControl "900+10"]

1. e4 e5 2. Nf3 Nc6 3. Bb5 a6 4. Ba4 Nf6 5. O-O b5 6. Bb3 Be7 7. a4 Bb7 8. Re1 O-O 9. c3 d5 10. exd5 Nxd5 11. axb5 axb5 12. Rxa8 Bxa8 13. d4 exd4 14. cxd4 Bb4 15. Bd2 Bxd2 16. Nbxd2 Nf6 17. Ne4 Nxe4 18. Rxe4 Na5 19. Re3 Nxb3 20. Rxb3 Qd7 21. Rc3 Rd8 22. h3 h6 23. Qc1 Qf5 24. Rc5 Qf6 25. Ne5 Rxd4 26. Rxb5 Qd6 27. Rb8+ Kh7 28. Rh8+ Kxh8 29. Nxf7+ Kh7 30. Nxd6 cxd6 31. Qc3 Rd1+ 32. Kh2 Be4 33. f3 Bg6 34. b4 d5 35. Qb3 Rd3 36. Qb2 Rd1 37. b5 1-0

[Event "RUS-chT Men Rapid 2019"]
[Site "Sochi"]
[Date "2019.10.19"]
[Round "8.4"]
[White "Rozum, Ivan"]
[Black "Popov, Ivan"]
[Result "1/2-1/2"]
[ECO "A06"]
[WhiteElo "2599"]
[BlackElo "2611"]
[Annotator "ChessBase"]
[PlyCount "123"]
[EventDate "2019.10.18"]
[EventType "swiss"]
[EventCountry "RUS"]
[SourceTitle "playchess.com"]
[Source "ChessBase"]
[SourceQuality "1"]
[TimeControl "900+10"]

1. Nf3 d5 2. e3 Nf6 3. c4 dxc4 4. Bxc4 e6 5. O-O c5 6. Nc3 Be7 7. d4 cxd4 8. exd4 O-O 9. d5 exd5 10. Nxd5 Nxd5 11. Bxd5 Nc6 12. Be3 Bf5 13. a3 Qd6 14. Qb3 Be6 15. Bxe6 Qxe6 16. Qxe6 fxe6 17. Rad1 Rad8 18. Ng5 Bxg5 19. Bxg5 Rd5 20. Rxd5 exd5 21. Rd1 Rf5 22. Bd2 d4 23. f4 a5 24. b4 axb4 25. axb4 Rb5 26. Kf1 Kf7 27. Ke2 Ke6 28. Kd3 Kd5 29. Rb1 h5 30. g3 g6 31. h3 Rb6 32. Re1 Ra6 33. b5 Ra3+ 34. Kc2 Ra2+ 35. Kd3 Ra3+ 36. Kc2 Na7 37. Re7 Nxb5 38. Rxb7 Kc4 39. g4 Rxh3 40. gxh5 Rxh5 41. Rb8 d3+ 42. Kb2 Rh2 43. Rc8+ Kd5 44. Rd8+ Kc4 45. Rc8+ Kd4 46. Rd8+ Ke4 47. Re8+ Kf5 48. Re5+ Kf6 49. Rxb5 Rxd2+ 50. Kc3 Rd1 51. Rd5 Rc1+ 52. Kd2 Rf1 53. Ke3 Re1+ 54. Kf3 Rd1 55. Ke3 Re1+ 56. Kf3 Rf1+ 57. Ke3 Rh1 58. Rxd3 Rh3+ 59. Ke4 Rxd3 60. Kxd3 g5 61. fxg5+ Kxg5 62. Ke4 1/2-1/2

[Event "RUS-chT Men Rapid 2019"]
[Site "Sochi"]
[Date "2019.10.19"]
[Round "8.5"]
[White "Drygalov, Andrey"]
[Black "Pridorozhni, Aleksei"]
[Result "1/2-1/2"]
[ECO "C42"]
[WhiteElo "2484"]
[BlackElo "2599"]
[Annotator "ChessBase"]
[PlyCount "29"]
[EventDate "2019.10.18"]
[EventType "swiss"]
[EventCountry "RUS"]
[SourceTitle "playchess.com"]
[Source "ChessBase"]
[SourceQuality "1"]
[TimeControl "900+10"]

1. e4 e5 2. Nf3 Nf6 3. Nxe5 d6 4. Nf3 Nxe4 5. d4 Be7 6. Bd3 Bf5 7. O-O d5 8. Re1 O-O 9. Nbd2 Nd6 10. Bxf5 Nxf5 11. Nf1 c6 12. Qd3 Nd6 13. Ng3 Na6 14. Bf4 Nc7 15. Nf5 1/2-1/2

[Event "RUS-chT Men Rapid 2019"]
[Site "Sochi"]
[Date "2019.10.19"]
[Round "8.6"]
[White "Potapov, Pavel"]
[Black "Lugovskoy, Maxim"]
[Result "1/2-1/2"]
[ECO "D35"]
[WhiteElo "2489"]
[BlackElo "2436"]
[Annotator "ChessBase"]
[PlyCount "23"]
[EventDate "2019.10.18"]
[EventType "swiss"]
[EventCountry "RUS"]
[SourceTitle "playchess.com"]
[Source "ChessBase"]
[SourceQuality "1"]
[TimeControl "900+10"]

1. d4 d5 2. c4 e6 3. Nc3 Nf6 4. cxd5 exd5 5. Bg5 c6 6. e3 Be7 7. Bd3 Nbd7 8. Qc2 O-O 9. Nf3 Re8 10. O-O Nf8 11. Rab1 Bd6 12. b4 1/2-1/2

[Event "RUS-chT Men Rapid 2019"]
[Site "Sochi"]
[Date "2019.10.19"]
[Round "8.7"]
[White "Vastrukhin, Oleg"]
[Black "Belyakov, Bogdan"]
[Result "1/2-1/2"]
[ECO "A36"]
[WhiteElo "2428"]
[BlackElo "2495"]
[Annotator "RC"]
[PlyCount "83"]
[EventDate "2019.10.18"]
[EventType "swiss"]
[EventCountry "RUS"]
[SourceTitle "playchess.com"]
[Source "ChessBase"]
[SourceQuality "1"]
[TimeControl "900+10"]

1. g3 g6 2. Bg2 Bg7 3. c4 c5 4. Nc3 Nc6 5. e3 Rb8 6. Nge2 a6 7. d4 cxd4 8. exd4 d6 9. O-O Nf6 10. b4 O-O 11. a3 Bf5 12. h3 e5 13. Be3 exd4 14. Nxd4 Nxd4 15. Bxd4 Qc8 16. g4 Be6 17. Nd5 Nxd5 18. cxd5 Bd7 19. Bxg7 Kxg7 20. Qd4+ Kg8 21. Qb6 Bb5 22. Rfc1 Qd8 23. Qxd8 Rfxd8 24. Rc7 Rd7 25. Rac1 Rbd8 26. Bf1 Bxf1 27. Kxf1 Kf8 28. Ke2 Ke7 29. g5 Rxc7 30. Rxc7+ Rd7 31. Rc8 Rd8 32. Rc7+ Rd7 33. Rc1 Rd8 34. Kd3 Kd7 35. f4 h6 36. h4 hxg5 37. fxg5 Rh8 38. Rf1 Ke7 39. Rf4 Rc8 40. Rc4 Rxc4 41. Kxc4 b5+ 42. Kd4 1/2-1/2

[Event "RUS-chT Men Rapid 2019"]
[Site "Sochi"]
[Date "2019.10.19"]
[Round "8.8"]
[White "Savitskiy, Sergey"]
[Black "Utnasunov, Alexander"]
[Result "0-1"]
[ECO "B72"]
[WhiteElo "2407"]
[BlackElo "2442"]
[Annotator "NA"]
[PlyCount "116"]
[EventDate "2019.10.18"]
[EventType "swiss"]
[EventCountry "RUS"]
[SourceTitle "playchess.com"]
[Source "ChessBase"]
[SourceQuality "1"]
[TimeControl "900+10"]

1. e4 c5 2. Nf3 d6 3. d4 cxd4 4. Nxd4 Nf6 5. Nc3 g6 6. Be3 a6 7. f3 b5 8. a3 Bb7 9. Qd2 Nbd7 10. Bh6 Bxh6 11. Qxh6 Rc8 12. Rd1 Qb6 13. Be2 Ne5 14. Qg7 Rg8 15. Qh6 Nc4 16. Bxc4 Rxc4 17. Qd2 Kf8 18. Qh6+ Ke8 19. Qd2 Kf8 20. Qh6+ Ke8 21. Qe3 Qc5 22. Kf2 Kf8 23. Nb3 Qxe3+ 24. Kxe3 Kg7 25. Na5 Rc7 26. Rd4 Bc6 27. Na2 Bd7 28. Nb4 Ra8 29. Rhd1 Be6 30. Ra1 Nd7 31. Rad1 Nb6 32. b3 h5 33. h4 Nd7 34. R1d2 Nc5 35. Rd1 Nb7 36. Nxb7 Rxb7 37. Nd3 Rc8 38. Ne1 a5 39. Kd2 Rbc7 40. Rd3 f5 41. Rc1 Rc5 42. Re3 f4 43. Rd3 g5 44. hxg5 Rxg5 45. Rc3 Kf6 46. Rxc8 Bxc8 47. c4 Be6 48. cxb5 Rxb5 49. b4 axb4 50. axb4 Rxb4 51. Nd3 Rd4 52. Kc3 Rc4+ 53. Kd2 Rxc1 54. Kxc1 Kg5 55. Kd2 Bc4 56. Nf2 Kh4 57. Nh3 e5 58. Ke1 Kg3 0-1

[Event "RUS-chT Men Rapid 2019"]
[Site "Sochi"]
[Date "2019.10.19"]
[Round "8.9"]
[White "Bocharov, Dmitry"]
[Black "Nozdrachev, Vladislav"]
[Result "1-0"]
[ECO "A13"]
[WhiteElo "2519"]
[BlackElo "2494"]
[Annotator "ChessBase"]
[PlyCount "81"]
[EventDate "2019.10.18"]
[EventType "swiss"]
[EventCountry "RUS"]
[SourceTitle "playchess.com"]
[Source "ChessBase"]
[SourceQuality "1"]
[TimeControl "900+10"]

1. c4 e6 2. Nf3 Nf6 3. e3 d5 4. b3 Bd6 5. Bb2 O-O 6. Nc3 c6 7. d4 b6 8. Bd3 Bb7 9. O-O Nbd7 10. Re1 Qe7 11. Rc1 Rac8 12. Bb1 c5 13. cxd5 exd5 14. Bf5 g6 15. Bh3 a6 16. g3 Rc7 17. Re2 c4 18. bxc4 Rxc4 19. Rec2 b5 20. a4 Bc6 21. axb5 axb5 22. Nd2 Nb6 23. Bg2 Bd7 24. Nxc4 dxc4 25. e4 b4 26. e5 bxc3 27. exd6 Qxd6 28. Rxc3 Rc8 29. Ba3 Qc7 30. d5 Qe5 31. Re3 Qf5 32. Qd4 Nfxd5 33. Re5 Qd3 34. Qxd3 cxd3 35. Rxc8+ Bxc8 36. Bxd5 d2 37. Bf3 Bb7 38. Re8+ Kg7 39. Bb2+ Kh6 40. Bd1 Bc6 41. Rd8 1-0